 Dungeon Crawl Stone Soup version 0.30-a0-908-g5a111fc481 (webtiles) character file.

Game seed: 8228360546471627065

32 shadizar the Trooper (level 3, -2/33 HPs)
             Began as a Minotaur Fighter on Mar 19, 2023.
             Slain by a kobold
             ... wielding a +0 short sword of electrocution
              (4 damage)
             ... on level 1 of the Dungeon.
             The game lasted 00:00:46 (583 turns).

shadizar the Trooper (Minotaur Fighter)              Turns: 583, Time: 00:00:47

Health: -2/33      AC:  7    Str: 22    XL:     3   Next: 10%
Magic:  2/2        EV:  9    Int:  5    God:
Gold:   63         SH:  4    Dex:  9    Spells: 2/2 levels left

rFire   . . .      SeeInvis .    a - +0 war axe
rCold   . . .      Faith    .    c - +0 buckler
rNeg    . . .      Spirit   .    b - +0 scale mail
rPois   .          Reflect  .    (helmet restricted)
rElec   .          Rampage  .    (no cloak)
rCorr   .                        (no gloves)
Will    .....                    (no boots) Stlth
                                 (no amulet)
HPRegen 0.25/turn                (no ring)
MPRegen 0.08/turn                (no ring)

@: no status effects
A: horns 2, retaliatory headbutt
a: no special abilities


You were on level 1 of the Dungeon.
You visited 1 branch of the dungeon, and saw 1 of its levels.

You collected 63 gold pieces.

Inventory:

Hand Weapons
 a - a +0 war axe (weapon)
Armour
 b - a +0 scale mail (worn)
 c - a +0 buckler (worn)
Scrolls
 e - 2 scrolls of acquirement {unknown}
 f - a scroll of blinking {unknown}
 g - 3 scrolls of immolation {unknown}
 h - a scroll of identify {unknown}
Potions
 d - a potion of might
 i - a potion of brilliance {unknown}
 j - a potion of attraction {unknown}
 k - a potion of cancellation {unknown}


   Skills:
 * Level 4.2 Fighting
 + Level 2.8 Axes
 + Level 3.9 Armour
 + Level 0.8 Dodging
 + Level 4.0 Shields


You had 2 spell levels left.
You didn't know any spells.
Your spell library contained the following spells:

 Spells                   Type           Power      Damage    Failure   Level
 Stone Arrow              Conj/Erth      0%         3d7       99%         3
 Animate Armour           Summ/Erth      0%         N/A       100%        4
 Lehudib's Crystal Spear  Conj/Erth      0%         10d2      100%        8


Dungeon Overview and Level Annotations

Branches:
Dungeon (1/15)

Altars:


Innate Abilities, Weirdness & Mutations

You have a pair of horns on your head.
You reflexively headbutt those who attack you in melee.


Message History

You closely miss the goblin. You slash the rat!
You kill the rat!
The goblin hits you but does no damage. You block the goblin's attack.
You slash the goblin!
You kill the goblin!
Your Shields skill increases to level 4!
No target in view!
No target in view!
No target in view!
A kobold comes into view.
It is wielding a +0 short sword of electrocution.
The kobold shouts!
A kobold is nearby!
A kobold is nearby!
You barely miss the kobold. The kobold hits you but does no damage.
You are electrocuted!!
Ouch! That really hurt!
You are too injured to fight recklessly!
You are too injured to fight recklessly!
You are too injured to fight recklessly!
You are too injured to fight recklessly!
You are too injured to fight recklessly!
You are too injured to fight recklessly!
You are too injured to fight recklessly!
You are too injured to fight recklessly!
You are too injured to fight recklessly!
A kobold is nearby!
You closely miss the kobold. The kobold hits you but does no damage.
You are electrocuted!
* * * LOW HITPOINT WARNING * * *
The kobold hits you with a +0 short sword of electrocution.
* * * LOW HITPOINT WARNING * * *
You closely miss the kobold. Your headbutt misses the kobold.
The kobold hits you but does no damage.
You closely miss the kobold.
The kobold hits you with a +0 short sword of electrocution.
* * * LOW HITPOINT WARNING * * *
The kobold hits you but does no damage.
You completely miss the kobold.
The kobold hits you with a +0 short sword of electrocution.
You die...

###### .....# ##########
.....#
##........#######.....
#.######
....................
........
.#.........##.#.#.##.#..
........
#.........##...@K......
######.#
##.........##..########.
....#
....##.#.#.##..)......
###..
....##.#.....#....####
###..
†......###.#.####.#
..... ....####.#.#.# ...
####. .........#.#.# .##
#.. .....###.#.#.# # #..
.....# #.#.. #..


You could see a kobold.

Vanquished Creatures
  2 dart slugs (D:1)
  2 bats (D:1)
  2 endoplasms (D:1)
  2 giant cockroaches (D:1)
  2 goblins (D:1)
  2 hobgoblins (D:1)
  2 jackals (D:1)
  A kobold (D:1)
  2 quokkas (D:1)
  2 ball pythons (D:1)
  4 frilled lizards (D:1)
  5 rats (D:1)
28 creatures vanquished.

Notes
Turn   | Place    | Note
-------+----------+-------------------------------------------
     0 | D:1      | shadizar the Minotaur Fighter began the quest for the Orb.
     0 | D:1      | Reached XP level 1. HP: 19/19 MP: 0/0
   163 | D:1      | Reached XP level 2. HP: 27/27 MP: 1/1
   433 | D:1      | Found a faded altar of an unknown god.
   499 | D:1      | Reached XP level 3. HP: 31/33 MP: 2/2
   583 | D:1      | Slain by a kobold

Illustrated notes

Levels and vault maps discovered:
D:1:      dpeg_arrival_rhombus, layout_basic,
          dilly_ecumenical_altar_fadedgnrine, minmay_tripent

Skill      XL: |  1  2  3 |
---------------+----------+-----
Fighting       | 4 |  4.2
Shields        | 4 |  4.0
Axes           | |  2.8
Armour         | |  3.9
Dodging        | |  0.8

Action                     || total
---------------------------++-------
  Melee: War axe           ||    68
         Headbutt          ||     5
 Armour: Scale mail        ||    32
  Dodge: Dodged            ||    29
  Block: Buckler           ||    18

Table legend: (Time is in decaauts)
 A = Elapsed time spent in this place.
 B = Non-inter-level travel time spent in this place.
 C = Inter-level travel time spent in this place.
 D = Time resting spent in this place.
 E = Time spent auto-exploring this place.
 F = Levels seen in this place.
 G = Mean time per level.
                   A        B        C        D        E       F      G
               +--------+--------+--------+--------+--------+-----+--------+
         Total |    610 |    610 |      0 |      0 |    440 |   1 |  610.0 |
       Dungeon |    610 |    610 |      0 |      0 |    440 |   1 |  610.0 |
               +--------+--------+--------+--------+--------+-----+--------+

Top non-repeatable levels by time:
     D:1: 610 daAuts
